 Dungeon Sprint DCSS version 0.20-a0-641-g673355a (webtiles) character file.

164 Kidiri the Magician (level 5, -1/32 HPs)
             Began as a Deep Elf Fire Elementalist on Feb 13, 2017.
             Was an Initiate of Vehumet.
             Killed from afar by a deep elf mage (27 damage)
             ... with a stone arrow
             ... in the Dungeon (Sprint III: "The Ten Rune Challenge").
             The game lasted 00:02:39 (498 turns).

Kidiri the Magician (Deep Elf Fire Elementalist)     Turns: 498, Time: 00:02:41

Health: -1/32      AC:  4    Str:  5    XL:     5   Next: 21%
Magic:  13/17      EV: 15    Int: 21    God:    Vehumet [......]
Gold:   24         SH:  0    Dex: 15    Spells: 1/19 levels left

rFire    . . .     SeeInvis .   r - +0 dagger
rCold    . . .     Gourm    .   a - +0 robe
rNeg     . . .     Faith    .   (no shield)
rPois    .         Spirit   .   (no helmet)
rElec    .         Reflect  .   (no cloak)
rCorr    .         Harm     .   (no gloves)
MR       .....     NoTele   +   (no boots)
Stlth    ++........             (no amulet)
Regen    0.1/turn               (no ring)
MPRegen  0.2/turn               (no ring)

@: no status effects
A: hooves 1, iridescent scales 1
a: Renounce Religion


You were in the Dungeon.
You worshipped Vehumet.
Vehumet was noncommittal.
You were not hungry.

You visited 1 branch You collected 24 gold pieces.

Inventory:

Hand Weapons
 r - a +0 dagger (weapon)
Armour
 a - a +0 robe (worn)
Scrolls
 i - 2 scrolls of blinking
 j - 2 scrolls of holy word
 m - 4 scrolls of remove curse
Potions
 d - a potion of curing
 e - a potion of heal wounds
 f - 2 potions of haste
 g - 2 potions of magic
 h - a potion of berserk rage
 k - a potion of cancellation
 o - 2 potions of flight
Books
 b - a book of Flames

   Spells                             Type                      Level
   a - Flame Tongue                   Conjuration/Fire             1
   b - Throw Flame                    Conjuration/Fire             2
   c - Conjure Flame                  Conjuration/Fire             3
   d - Inner Flame                    Hexes/Fire                   3
   e - Sticky Flame                   Conjuration/Fire             4
   f - Fireball                       Conjuration/Fire             5
 l - a book of Minor Magic

   Spells                             Type                      Level
   a - Magic Dart                     Conjuration                  1
   b - Blink                          Translocation                2
   c - Call Imp                       Summoning                    2
   d - Slow                           Hexes                        2
   e - Conjure Flame                  Conjuration/Fire             3
   f - Mephitic Cloud                 Conjuration/Poison/Air       3
Comestibles
 c - a bread ration
 n - a meat ration
 p - a fruit
 q - 3 chunks of flesh


   Skills:
 + Level 3.1 Fighting
 + Level 0.0 Short Blades
 + Level 3.0 Armour
 + Level 5.3 Dodging
 - Level 2.4 Stealth
 * Level 7.8 Spellcasting
 + Level 4.6 Conjurations
 + Level 5.2 Fire Magic


You had one spell level left.
You knew the following spells:

 Your Spells              Type           Power        Failure   Level  Hunger
a - Flame Tongue          Conj/Fire      ####.        1%          1    None
b - Throw Flame           Conj/Fire      ####..       1%          2    None
c - Conjure Flame         Conj/Fire      ####....     3%          3    None
d - Inner Flame           Hex/Fire       ###.....     10%         3    None
e - Sticky Flame          Conj/Fire      ####....     14%         4    ###....
f - Fireball              Conj/Fire      ####......   34%         5    #####..


Dungeon Overview and Level Annotations

Branches:
Dungeon (1/1)

Altars:
Elyvilon
Kikubaaqudgha
Sif Muna
Vehumet
Zin
The Shining One


Innate Abilities, Weirdness & Mutations

You have large cloven feet.
You are partially covered in iridescent scales. (AC +2)


Message History

Found two altars.
There is an open door here.
You close the door.
You start waiting.
A deep elf mage opens the door.
It is wielding a long sword of holy wrath.
The deep elf mage hits you with a long sword of holy wrath.
There is an open door here.
Casting: Flame Tongue
Confirm with . or Enter, or press ? or * to list all spells.
Aiming: Sticky Flame
Press: ? - help, Shift-Dir - straight line, f - deep elf mage
Aim: a deep elf mage, wielding a long sword of holy wrath The sticky flame hits the deep elf mage.
The deep elf mage is lightly wounded.
The deep elf mage is covered in liquid flames!
The deep elf mage burns!
The deep elf mage casts a spell at you. The stone arrow hits you!
Ouch! That really hurt!
You die...

▓▓▓▓▓▓▓ ▓▓▓ .+....♣♣♣
♣.##### .#....♣.♣
♣♣.#___# ##.....♣
♣..#..e# .#....≈♣♣
♣.###@#+###+ .#...≈≈.♣♣
♣.#..........
.#..≈≈≈≈.♣♣♣.'.⌠........
'#..≈≈≈≈≈≈♣..#...######+
[#.≈≈≈≈≈≈....#.⌠.#
.#.≈≈≈≈≈.....#...#
.#.≈≈≈.......#+###
##...........#[).#
.............#___#


You could see a deep elf mage (burning).

Vanquished Creatures
  A water elemental (D)
  A wizard (D)
  Jessica (D)
  A human (D)
  A kobold demonologist (D)
  A wolf (D)
  An ooze (D)
  2 rats (D)
9 creatures vanquished.

Vanquished Creatures (others)
  2 draconian scorchers (D)
  A yaktaur (D)
  6 hellions (D)
9 creatures vanquished.

Grand Total: 18 creatures vanquished

Notes
Turn   | Place    | Note
-------+----------+-------------------------------------------
     0 | D        | Kidiri the Deep Elf Fire Elementalist began the quest for the Orb.
     0 | D        | Reached XP level 1. HP: 10/10 MP: 6/6
    72 | D        | Noticed Jessica
    74 | D        | Killed Jessica
    74 | D        | Reached skill level 1 in Fighting
    74 | D        | Reached skill level 1 in Armour
    74 | D        | Reached skill level 5 in Spellcasting
    74 | D        | Reached XP level 2. HP: 16/16 MP: 6/10
    74 | D        | Reached XP level 3. HP: 20/20 MP: 6/11
    74 | D        | Killed a hellion
    78 | D        | Learned a level 2 spell: Throw Flame
    87 | D        | Learned a level 3 spell: Conjure Flame
    91 | D        | Learned a level 3 spell: Inner Flame
   126 | D        | Killed a hellion
   126 | D        | Killed a hellion
   143 | D        | Killed a white draconian scorcher
   166 | D        | Killed a hellion
   167 | D        | Killed a hellion
   215 | D        | Killed a hellion
   286 | D        | Gained mutation: You tend to lose your temper in combat. [potion of mutation]
   286 | D        | Gained mutation: You are agile. (Dex +2) [potion of mutation]
   287 | D        | Lost mutation: You tend to lose your temper in combat. [potion of mutation]
   287 | D        | Lost mutation: You are agile. (Dex +2) [potion of mutation]
   287 | D        | Gained mutation: Your movements are slightly less encumbered by armour. (ER -2) [potion of mutation]
   287 | D        | Gained mutation: Your flesh is heat resistant. (rF+) [potion of mutation]
   288 | D        | Lost mutation: Your movements are slightly less encumbered by armour. (ER -2) [potion of mutation]
   288 | D        | Lost mutation: Your flesh is heat resistant. (rF+) [potion of mutation]
   288 | D        | Gained mutation: You occasionally shout uncontrollably at your foes. [potion of mutation]
   288 | D        | Gained mutation: You are partially covered in molten scales. (AC +2) [potion of mutation]
   289 | D        | Lost mutation: You occasionally shout uncontrollably at your foes. [potion of mutation]
   289 | D        | Gained mutation: You are weak. (Str -2) [potion of mutation]
   289 | D        | Gained mutation: Your spells are a little harder to cast, but a little more powerful. [potion of mutation]
   289 | D        | Gained mutation: You have sharp toenails. [potion of mutation]
   290 | D        | Lost mutation: You are partially covered in molten scales. (AC +2) [potion of mutation]
   290 | D        | Lost mutation: Your spells are a little harder to cast, but a little more powerful. [potion of mutation]
   290 | D        | Gained mutation: You are partially covered in yellow scales. (AC +2) [potion of mutation]
   290 | D        | Gained mutation: You have a pair of small antennae on your head. [potion of mutation]
   291 | D        | Lost mutation: You are weak. (Str -2) [potion of mutation]
   291 | D        | Lost mutation: You have a pair of small antennae on your head. [potion of mutation]
   291 | D        | Lost mutation: You have sharp toenails. [potion of mutation]
   291 | D        | Lost mutation: You are partially covered in yellow scales. (AC +2) [potion of mutation]
   291 | D        | Gained mutation: You are partially covered in iridescent scales. (AC +2) [potion of mutation]
   291 | D        | Gained mutation: You have large cloven feet. [potion of mutation]
   293 | D        | Killed a white draconian scorcher
   299 | D        | Killed a yaktaur
   316 | D        | Noticed a water elemental
   319 | D        | Killed a water elemental
   319 | D        | Reached skill level 7 in Spellcasting
   319 | D        | Reached XP level 4. HP: 27/27 MP: 8/15
   325 | D        | Learned a level 4 spell: Sticky Flame
   374 | D        | Found a radiant altar of Vehumet.
   375 | D        | Found a deep blue altar of Sif Muna.
   375 | D        | Found an ancient bone altar of Kikubaaqudgha.
   375 | D        | Noticed a wizard
   380 | D        | Reached skill level 5 in Dodging
   380 | D        | Reached skill level 5 in Fire Magic
   380 | D        | Reached XP level 5. HP: 25/32 MP: 1/16
   395 | D        | Learned a level 5 spell: Fireball
   400 | D        | Became a worshipper of Vehumet
   492 | D        | Found a glowing silver altar of Zin.
   493 | D        | Found a glowing golden altar of the Shining One.
   493 | D        | Found a white marble altar of Elyvilon.
   493 | D        | Noticed a deep elf mage
   498 | D        | Killed from afar by a deep elf mage

Vault maps used:
D:        dungeon_sprint_mu

Skill      XL: |  1  2  3  4  5 |
---------------+----------------+-----
Fighting       | 1 2 3 |  3.1
Armour         | 1 2 3 |  3.0
Dodging        | 3 4 5 |  5.3
Spellcasting   | 5 7 |  7.8
Conjurations   | 2 4 |  4.6
Fire Magic     | 4 5 |  5.2
Stealth        | |  2.4

Action                   |  1- 3 |  4- 6 || total
-------------------------+-------+-------++-------
 Cast: Flame Tongue      |    21 |     3 ||    24
       Throw Flame       |     2 |       ||     2
       Conjure Flame     |     1 |       ||     1
       Sticky Flame      |       |     2 ||     2
  Use: Potion            |     6 |       ||     6
       Scroll            |     3 |       ||     3
Armor: Robe              |     2 |       ||     2
Dodge: Dodged            |     9 |     2 ||    11
